General information
- name: BNet
- type: Ladder team game (AT/RT)
- host: Battle.net
- saver: KillJews!
map: GolemsInTheMist
- players: 8
- length: 45:19
- speed: Fast
- version: 1.28 W3XP
- replay type: Public
» download(381 KB)
Players
team 1 (winner)
IamTheliqour (
yellow | 105 APM | 3802 actions | 36:11)
5 Blademaster
2 Wind Walk
3 Critical Strike
5 Shadow Hunter
3 Hex
2 Healing Wave
» actions
| Assign group hotkey | 13 | |
| Basic commands | 21 | |
| Build / train | 91 | |
| Enter build submenu | 45 | |
| Enter hero's abilities submenu | 10 | |
| Give item / drop item | 2 | |
| Remove unit from queue | 10 | |
| Right click | 1550 | |
| Select / deselect | 510 | |
| Select group hotkey | 1423 | |
| Use ability | 127 | |
3802 total
» units
| Peon | 24 | |
| Grunt | 3 | |
| Goblin Zeppelin | 4 | |
| Tauren | 6 | |
| Shaman | 3 | |
| Troll Batrider | 6 | |
46 total
» upgrades
| Shaman Training | 2 | |
| Pulverize | 1 | |
| Melee Weapons | 1 | |
| Armor | 1 | |
5 total
» buildings
| Altar of Storms | 2 | |
| Orc Burrow | 18 | |
| Barracks | 1 | |
| Voodoo Lounge | 1 | |
| Stronghold | 3 | |
| War Mill | 1 | |
| Fortress | 1 | |
| Spirit Lodge | 1 | |
| Watch Tower | 1 | |
| Tauren Totem | 4 | |
| Great Hall | 4 | |
| Beastiary | 6 | |
43 total
» build order
00:09 Altar of Storms
00:19 Orc Burrow
00:50 Barracks
01:29 Orc Burrow
01:56 Voodoo Lounge
02:44 Stronghold
02:45 Stronghold
03:36 Orc Burrow
03:47 War Mill
05:07 Fortress
05:10 Spirit Lodge
05:26 Watch Tower
07:34 Tauren Totem
07:34 Tauren Totem
07:56 Tauren Totem
08:53 Great Hall
11:11 Tauren Totem
11:15 Orc Burrow
11:16 Orc Burrow
15:36 Orc Burrow
19:38 Orc Burrow
19:42 Orc Burrow
19:47 Orc Burrow
20:52 Orc Burrow
22:11 Orc Burrow
23:14 Great Hall
24:07 Great Hall
26:24 Stronghold
28:00 Altar of Storms
28:34 Orc Burrow
28:49 Beastiary
29:06 Beastiary
29:08 Beastiary
29:18 Orc Burrow
29:46 Beastiary
30:49 Beastiary
30:50 Beastiary
31:44 Orc Burrow
31:46 Orc Burrow
31:51 Orc Burrow
32:40 Orc Burrow
32:42 Orc Burrow
33:26 Great Hall
» items
| Healing Salve | 4 | |
| Orb of Lightning | 2 | |
| Lesser Clarity Potion | 13 | |
| Scroll of Town Portal | 1 | |
| Potion of Healing | 1 | |
21 total

»
Clowsaintpotsox (
purple | 29 APM | 1318 actions | 45:18)
7 Blademaster
3 Wind Walk
2 Critical Strike
1 Bladestorm
1 Mirror Image
» actions
| Assign group hotkey | 14 | |
| Build / train | 60 | |
| Enter build submenu | 16 | |
| Enter hero's abilities submenu | 7 | |
| Give item / drop item | 2 | |
| Right click | 661 | |
| Select / deselect | 304 | |
| Select group hotkey | 208 | |
| Use ability | 46 | |
1318 total
» units
| Peon | 10 | |
| Wind Rider | 16 | |
| Kodo Beast | 1 | |
| Troll Witch Doctor | 4 | |
| Shaman | 4 | |
35 total
» upgrades
| Ranged Weapons | 2 | |
| Spiked Barricades | 1 | |
| Witch Doctor Training | 2 | |
| Shaman Training | 2 | |
| Envenomed Spears | 1 | |
8 total
» buildings
| Orc Burrow | 9 | |
| Altar of Storms | 1 | |
| Voodoo Lounge | 1 | |
| War Mill | 1 | |
| Stronghold | 1 | |
| Fortress | 1 | |
| Beastiary | 2 | |
| Spirit Lodge | 1 | |
| Great Hall | 1 | |
18 total
» build order
00:11 Orc Burrow
00:15 Altar of Storms
01:18 Voodoo Lounge
01:42 Orc Burrow
02:07 War Mill
03:00 Stronghold
04:11 Orc Burrow
05:21 Fortress
05:32 Beastiary
05:34 Beastiary
05:37 Spirit Lodge
05:43 Orc Burrow
09:33 Orc Burrow
12:43 Orc Burrow
14:22 Orc Burrow
20:20 Great Hall
20:51 Orc Burrow
21:02 Orc Burrow
» items
| Healing Salve | 3 | |
| Lesser Clarity Potion | 3 | |
| Scroll of Town Portal | 1 | |
7 total
Bish_iM_Ra (
teal | 45 APM | 2037 actions | 45:18)
6 Warden
3 Fan of Knives
2 Blink
1 Spirit of Vengeance
» actions
| Assign group hotkey | 17 | |
| Basic commands | 100 | |
| Build / train | 69 | |
| ESC pressed | 7 | |
| Enter build submenu | 24 | |
| Enter hero's abilities submenu | 6 | |
| Give item / drop item | 1 | |
| Remove unit from queue | 1 | |
| Right click | 844 | |
| Select / deselect | 563 | |
| Select group hotkey | 230 | |
| Use ability | 175 | |
2037 total
» units
| Wisp | 15 | |
| Archer | 8 | |
| Huntress | 2 | |
| Hippogryph | 7 | |
| Chimaera | 6 | |
38 total
» upgrades
| Improved Bows | 1 | |
| Strength of the Moon | 3 | |
| Ultravision | 1 | |
| Hippogryph Taming | 1 | |
| Marksmanship | 1 | |
| Well Spring | 1 | |
| Druid of the Talon Training | 2 | |
| Moon Armor | 1 | |
| Corrosive Breath | 1 | |
| Strength of the Wild | 1 | |
| Mark of the Talon | 1 | |
14 total
» buildings
| Moon Well | 6 | |
| Altar of Elders | 1 | |
| Ancient of War | 3 | |
| Ancient of Wonders | 1 | |
| Hunter's Hall | 1 | |
| Tree of Ages | 1 | |
| Tree of Eternity | 1 | |
| Ancient of Wind | 2 | |
| Chimaera Roost | 2 | |
| Tree of Life | 4 | |
22 total
» build order
00:19 Moon Well
00:33 Altar of Elders
01:01 Ancient of War
01:52 Moon Well
02:12 Ancient of Wonders
02:46 Hunter's Hall
03:13 Moon Well
03:35 Tree of Ages
05:39 Moon Well
05:57 Tree of Eternity
06:01 Ancient of Wind
06:47 Ancient of War
06:59 Ancient of War
10:23 Moon Well
11:20 Moon Well
12:23 Chimaera Roost
12:26 Chimaera Roost
12:40 Tree of Life
20:04 Tree of Life
23:04 Tree of Life
27:27 Tree of Life
30:06 Ancient of Wind
» items
| Staff of Preservation | 1 | |
| Lesser Clarity Potion | 2 | |
| Orb of Venom | 1 | |
| Anti-magic Potion | 1 | |
| Potion of Healing | 1 | |
| Scroll of Town Portal | 1 | |
7 total
KillJews! (
red | 45 APM | 2043 actions | 45:19)
6 Blademaster
3 Wind Walk
2 Critical Strike
1 Bladestorm
» actions
| Assign group hotkey | 85 | |
| Basic commands | 189 | |
| Build / train | 80 | |
| Enter build submenu | 51 | |
| Enter hero's abilities submenu | 6 | |
| Give item / drop item | 2 | |
| Remove unit from queue | 1 | |
| Right click | 808 | |
| Select / deselect | 457 | |
| Select group hotkey | 212 | |
| Use ability | 152 | |
2043 total
» units
| Peon | 8 | |
| Grunt | 5 | |
| Goblin Shredder | 2 | |
| Wind Rider | 15 | |
| Goblin Zeppelin | 2 | |
| Goblin Sapper | 3 | |
35 total
» upgrades
| Armor | 3 | |
| Reinforced Defenses | 1 | |
| Ranged Weapons | 3 | |
| Envenomed Spears | 1 | |
| Spiked Barricades | 3 | |
| Liquid Fire | 1 | |
| Ensnare | 1 | |
| Melee Weapons | 3 | |
| Pillage | 1 | |
| War Drums Damage Increase | 1 | |
| Troll Regeneration | 1 | |
| Burning Oil | 1 | |
| Berserker Upgrade | 1 | |
21 total
» buildings
| Orc Burrow | 7 | |
| Altar of Storms | 1 | |
| Barracks | 1 | |
| Stronghold | 1 | |
| Voodoo Lounge | 3 | |
| War Mill | 2 | |
| Beastiary | 5 | |
| Great Hall | 2 | |
| Watch Tower | 33 | |
| Fortress | 1 | |
56 total
» build order
00:12 Orc Burrow
00:39 Orc Burrow
00:49 Altar of Storms
01:00 Barracks
01:08 Orc Burrow
02:50 Stronghold
03:50 Voodoo Lounge
04:28 Orc Burrow
05:09 War Mill
05:14 Beastiary
05:15 Beastiary
05:45 Orc Burrow
06:45 Great Hall
07:52 Orc Burrow
08:12 Watch Tower
09:00 Fortress
09:06 Watch Tower
12:21 War Mill
12:25 Watch Tower
12:25 Watch Tower
12:26 Watch Tower
12:27 Watch Tower
12:29 Watch Tower
12:30 Watch Tower
12:31 Watch Tower
12:31 Watch Tower
15:21 Watch Tower
15:22 Watch Tower
16:01 Watch Tower
16:01 Watch Tower
18:37 Great Hall
18:39 Watch Tower
18:40 Watch Tower
18:40 Watch Tower
18:40 Watch Tower
18:46 Watch Tower
18:46 Watch Tower
18:48 Watch Tower
18:48 Watch Tower
18:55 Watch Tower
18:55 Watch Tower
18:57 Voodoo Lounge
19:03 Watch Tower
19:03 Watch Tower
19:04 Watch Tower
19:05 Watch Tower
19:05 Watch Tower
19:06 Watch Tower
19:08 Watch Tower
19:08 Watch Tower
19:10 Watch Tower
20:55 Voodoo Lounge
21:49 Orc Burrow
22:05 Beastiary
22:06 Beastiary
22:10 Beastiary
» items
| Healing Salve | 6 | |
| Lesser Clarity Potion | 3 | |
| Orb of Lightning | 1 | |
| Potion of Mana | 2 | |
| Scroll of Town Portal | 1 | |
| Tiny Great Hall | 1 | |
14 total
team 2 (loser)

»
oreganobae (
green | 142 APM | 2632 actions | 18:30)
3 Archmage
2 Summon Water Elemental
1 Brilliance Aura
2 Blood Mage
1 Flame Strike
1 Siphon Mana
» actions
| Assign group hotkey | 39 | |
| Basic commands | 100 | |
| Build / train | 61 | |
| Enter build submenu | 25 | |
| Enter hero's abilities submenu | 5 | |
| Remove unit from queue | 4 | |
| Right click | 445 | |
| Select / deselect | 251 | |
| Select group hotkey | 1624 | |
| Use ability | 78 | |
2632 total
» units
| Peasant | 10 | |
| Footman | 5 | |
| Mortar Team | 4 | |
| Sorceress | 4 | |
| Priest | 6 | |
| Siege Engine | 3 | |
| Dragonhawk Rider | 1 | |
33 total
» upgrades
| Masonry | 1 | |
| Lumber Harvesting | 1 | |
| Gunpowder | 1 | |
| Fragmentation Shards | 0 | |
| Barrage | 1 | |
4 total
» buildings
| Barracks | 1 | |
| Farm | 16 | |
| Altar of Kings | 1 | |
| Scout Tower | 5 | |
| Lumber Mill | 1 | |
| Arcane Tower | 2 | |
| Arcane Vault | 1 | |
| Guard Tower | 3 | |
| Keep | 2 | |
| Blacksmith | 1 | |
| Workshop | 2 | |
| Arcane Sanctum | 1 | |
| Castle | 1 | |
| Gryphon Aviary | 1 | |
38 total
» build order
00:14 Barracks
00:22 Farm
00:35 Altar of Kings
00:58 Farm
01:46 Farm
02:05 Scout Tower
02:33 Farm
02:53 Lumber Mill
03:06 Arcane Tower
03:11 Scout Tower
03:14 Farm
03:38 Scout Tower
03:41 Arcane Tower
03:43 Scout Tower
03:52 Arcane Vault
04:04 Farm
04:17 Guard Tower
04:20 Guard Tower
04:27 Scout Tower
05:08 Keep
05:08 Keep
05:18 Guard Tower
05:38 Blacksmith
06:14 Farm
06:16 Farm
06:18 Farm
06:19 Farm
08:30 Workshop
08:31 Workshop
08:51 Arcane Sanctum
11:51 Castle
12:03 Farm
12:04 Farm
12:05 Farm
12:05 Farm
12:06 Farm
12:07 Farm
14:25 Gryphon Aviary
» items
| Scroll of Regeneration | 1 | |
| Lesser Clarity Potion | 2 | |
| Scroll of Town Portal | 1 | |
4 total

»
manzam (
orange | 85 APM | 1523 actions | 17:49)
3 Death Knight
1 Death Coil
2 Unholy Aura
2 Lich
1 Frost Nova
1 Dark Ritual
» actions
| Assign group hotkey | 23 | |
| Basic commands | 3 | |
| Build / train | 68 | |
| Enter build submenu | 19 | |
| Enter hero's abilities submenu | 5 | |
| Give item / drop item | 1 | |
| Remove unit from queue | 1 | |
| Right click | 500 | |
| Select / deselect | 222 | |
| Select group hotkey | 613 | |
| Use ability | 68 | |
1523 total
» units
| Acolyte | 17 | |
| Ghoul | 7 | |
| Crypt Fiend | 9 | |
| Goblin Sapper | 1 | |
| Goblin Zeppelin | 1 | |
| Gargoyle | 6 | |
| Obsidian Statue | 1 | |
| Goblin Shredder | 1 | |
43 total
» upgrades
| Creature Attack | 1 | |
| Web | 1 | |
| Burrow | 1 | |
| Creature Carapace | 1 | |
4 total
» buildings
| Ziggurat | 10 | |
| Altar of Darkness | 1 | |
| Crypt | 2 | |
| Tomb of Relics | 1 | |
| Graveyard | 1 | |
| Nerubian Tower | 2 | |
| Halls of the Dead | 1 | |
| Slaughterhouse | 2 | |
| Spirit Tower | 4 | |
| Black Citadel | 1 | |
25 total
» build order
00:43 Ziggurat
00:45 Altar of Darkness
00:48 Crypt
01:17 Tomb of Relics
02:00 Graveyard
02:13 Ziggurat
02:25 Nerubian Tower
03:54 Halls of the Dead
05:32 Ziggurat
06:32 Slaughterhouse
07:21 Ziggurat
07:23 Ziggurat
07:59 Ziggurat
08:05 Crypt
08:16 Spirit Tower
08:21 Nerubian Tower
08:52 Spirit Tower
08:53 Spirit Tower
09:05 Black Citadel
09:35 Ziggurat
10:09 Spirit Tower
11:21 Slaughterhouse
14:34 Ziggurat
15:18 Ziggurat
15:23 Ziggurat
» items
| Rod of Necromancy | 1 | |
| Dust of Appearance | 1 | |
| Potion of Healing | 1 | |
| Scroll of Town Portal | 1 | |
| Scroll of Regeneration | 1 | |
5 total
Moogull (
pink | 60 APM | 1071 actions | 17:45)
4 Demon Hunter
2 Mana Burn
2 Evasion
» actions
| Assign group hotkey | 42 | |
| Basic commands | 197 | |
| Build / train | 48 | |
| Enter build submenu | 13 | |
| Enter hero's abilities submenu | 4 | |
| Give item / drop item | 2 | |
| Right click | 318 | |
| Select / deselect | 202 | |
| Select group hotkey | 181 | |
| Use ability | 64 | |
1071 total
» units
| Wisp | 11 | |
| Archer | 3 | |
| Goblin Shredder | 1 | |
| Druid of the Claw | 13 | |
28 total
» upgrades
| Strength of the Wild | 3 | |
| Reinforced Hides | 2 | |
| Druid of the Claw Training | 2 | |
| Mark of the Claw | 1 | |
| Ultravision | 1 | |
9 total
» buildings
| Altar of Elders | 1 | |
| Moon Well | 5 | |
| Ancient of War | 1 | |
| Tree of Ages | 1 | |
| Hunter's Hall | 1 | |
| Tree of Eternity | 1 | |
| Ancient of Lore | 2 | |
| Ancient of Wonders | 1 | |
13 total
» build order
00:05 Altar of Elders
00:18 Moon Well
00:40 Ancient of War
01:35 Moon Well
03:06 Tree of Ages
03:20 Moon Well
03:20 Moon Well
03:59 Hunter's Hall
05:29 Tree of Eternity
06:14 Ancient of Lore
06:17 Ancient of Lore
06:22 Ancient of Wonders
07:38 Moon Well
» items
| Orb of Venom | 1 | |
| Dust of Appearance | 1 | |
| Scroll of Town Portal | 1 | |
3 total
149194912491249 (
blue | 98 APM | 4447 actions | 45:18)
8 Archmage
3 Summon Water Elemental
3 Brilliance Aura
1 Mass Teleport
1 Blizzard
7 Mountain King
3 Storm Bolt
3 Bash
1 Avatar
» actions
| Assign group hotkey | 80 | |
| Basic commands | 261 | |
| Build / train | 179 | |
| ESC pressed | 2 | |
| Enter build submenu | 81 | |
| Enter hero's abilities submenu | 15 | |
| Give item / drop item | 4 | |
| Right click | 1387 | |
| Select / deselect | 694 | |
| Select group hotkey | 1410 | |
| Use ability | 334 | |
4447 total
» units
| Peasant | 11 | |
| Footman | 3 | |
| Rifleman | 8 | |
| Goblin Shredder | 1 | |
| Goblin Zeppelin | 2 | |
| Gryphon Rider | 6 | |
| Dragonhawk Rider | 9 | |
| Goblin Sapper | 4 | |
| Crypt Fiend | 4 | |
| Abomination | 1 | |
| Siege Engine | 1 | |
50 total
» upgrades
| Gunpowder | 3 | |
| Long Rifles | 1 | |
| Masonry | 4 | |
| Swords | 3 | |
| Armor | 3 | |
| Animal War Training | 1 | |
| Storm Hammers | 1 | |
| Cloud | 1 | |
| Disease Cloud | 1 | |
| Plating | 3 | |
| Flak Cannons | 1 | |
| Barrage | 1 | |
| Fragmentation Shards | 1 | |
| Unholy Armor | 1 | |
| Unholy Strength | 1 | |
26 total
» buildings
| Altar of Kings | 2 | |
| Barracks | 1 | |
| Farm | 10 | |
| Arcane Vault | 2 | |
| Scout Tower | 36 | |
| Lumber Mill | 1 | |
| Blacksmith | 1 | |
| Arcane Tower | 4 | |
| Keep | 2 | |
| Castle | 2 | |
| Gryphon Aviary | 2 | |
| Guard Tower | 35 | |
| Town Hall | 3 | |
| Moon Well | 8 | |
| Ancient Protector | 1 | |
| Workshop | 3 | |
| Arcane Sanctum | 2 | |
115 total
» build order
01:04 Altar of Kings
01:08 Altar of Kings
01:09 Barracks
01:11 Farm
01:18 Farm
01:25 Farm
02:25 Arcane Vault
02:40 Scout Tower
02:42 Lumber Mill
02:45 Scout Tower
03:05 Blacksmith
03:10 Arcane Tower
03:15 Arcane Tower
03:15 Arcane Tower
04:19 Keep
04:19 Keep
05:08 Farm
06:06 Farm
06:10 Farm
06:57 Farm
08:31 Scout Tower
08:46 Castle
08:46 Castle
08:49 Gryphon Aviary
08:55 Gryphon Aviary
09:20 Scout Tower
10:04 Guard Tower
10:04 Guard Tower
10:54 Town Hall
10:56 Scout Tower
10:56 Scout Tower
10:57 Scout Tower
10:58 Scout Tower
11:26 Guard Tower
11:26 Guard Tower
11:27 Guard Tower
11:27 Guard Tower
14:22 Farm
14:35 Farm
15:57 Scout Tower
15:58 Scout Tower
16:03 Scout Tower
16:29 Farm
16:47 Guard Tower
16:48 Guard Tower
18:25 Scout Tower
18:25 Scout Tower
18:26 Scout Tower
18:27 Scout Tower
18:35 Scout Tower
18:36 Scout Tower
18:36 Scout Tower
18:37 Scout Tower
18:38 Scout Tower
18:58 Guard Tower
18:58 Guard Tower
18:59 Guard Tower
18:59 Guard Tower
19:00 Guard Tower
19:00 Guard Tower
19:01 Scout Tower
19:02 Scout Tower
19:03 Guard Tower
19:03 Guard Tower
19:05 Scout Tower
19:07 Scout Tower
19:08 Scout Tower
19:40 Guard Tower
19:41 Guard Tower
19:43 Guard Tower
19:43 Guard Tower
19:55 Guard Tower
19:55 Guard Tower
21:00 Moon Well
21:00 Moon Well
21:01 Moon Well
21:02 Moon Well
21:03 Moon Well
21:04 Moon Well
21:16 Scout Tower
23:32 Guard Tower
23:33 Guard Tower
24:02 Moon Well
24:03 Moon Well
24:09 Ancient Protector
28:30 Town Hall
28:32 Scout Tower
28:33 Scout Tower
28:34 Scout Tower
28:36 Scout Tower
28:57 Scout Tower
29:00 Arcane Tower
29:00 Guard Tower
29:00 Guard Tower
29:00 Guard Tower
29:01 Guard Tower
29:01 Guard Tower
29:14 Guard Tower
29:14 Guard Tower
29:29 Workshop
29:55 Guard Tower
29:58 Scout Tower
30:03 Arcane Vault
30:28 Guard Tower
30:38 Workshop
30:44 Workshop
34:25 Town Hall
34:28 Scout Tower
34:28 Scout Tower
34:29 Scout Tower
34:30 Scout Tower
35:55 Guard Tower
35:55 Guard Tower
37:54 Arcane Sanctum
37:56 Arcane Sanctum
» items
| Mechanical Critter | 7 | |
| Scroll of Regeneration | 9 | |
| Scroll of Town Portal | 4 | |
| Staff of Sanctuary | 1 | |
| Orb of Fire | 1 | |
| Orb of Corruption | 1 | |
| Potion of Healing | 2 | |
| Potion of Mana | 1 | |
26 total
Chat log
(04:44 / Allies) IamTheliqour: ?
(12:09 / Allies) Bish_iM_Ra: lets hit
(14:55 / Allies) KillJews!: out
(15:35 / Allies) Clowsaintpotsox: nice tauren yellow..
(15:49 / Allies) IamTheliqour: they are so shiny
(21:04 / Allies) KillJews!: purp do you have mh bud?
(22:17 / Allies) Clowsaintpotsox: lol red
(22:22 / Allies) KillJews!: you mh, clown
(22:24 / Allies) Clowsaintpotsox: dick
(22:30 / Allies) Clowsaintpotsox: huh?
(22:38 / Allies) KillJews!: Proven mh
(22:44 / Allies) Clowsaintpotsox: mh?
(22:47 / Allies) KillJews!: yeah
(24:56 / Allies) Clowsaintpotsox: what does mh mean?
(25:22 / All) KillJews!: "mh? who me? never heard of it" - purple
(25:29 / All) 149194912491249: LOL
(25:33 / All) 149194912491249: he's so obvious
(26:02 / Allies) Clowsaintpotsox: since oj was bad im a maphacker... smh
(27:34 / Allies) Bish_iM_Ra: b
(27:35 / Allies) Bish_iM_Ra: b
(27:52 / All) IamTheliqour: aww
(27:55 / All) IamTheliqour: i went to pee
(27:56 / All) 149194912491249: gg
(28:14 / Allies) IamTheliqour: red you just hagin out
(28:37 / Allies) Bish_iM_Ra: we need to end..
(28:42 / Allies) IamTheliqour: hes afk
(30:00 / Allies) Bish_iM_Ra: gold me
(31:17 / Allies) IamTheliqour: just go hit teal
(31:19 / Allies) IamTheliqour: use chims
(31:35 / Allies) Clowsaintpotsox: he will tp and kill.. lol
(31:46 / Allies) Bish_iM_Ra: or you could have gold me..
(33:20 / Allies) Bish_iM_Ra: hi red
(33:23 / Allies) Bish_iM_Ra: gg
(34:02 / Allies) IamTheliqour: oh hes tking himself now
(34:12 / Allies) Bish_iM_Ra: lol
(35:45 / All) 149194912491249: gg
(35:46 / All) 149194912491249: leave
(35:49 / All) IamTheliqour: gg
(35:54 / All) IamTheliqour: red is tking himself now
(35:56 / All) Bish_iM_Ra: gg red afk then tk'd himself
(35:59 / All) 149194912491249: out
(36:02 / All) 149194912491249: make more excuses
(36:08 / All) 149194912491249: my whole team left
(36:18 / All) Bish_iM_Ra: i wish mine did
(36:30 / All) 149194912491249: then you can help
(36:32 / All) 149194912491249: and leave right now
(36:34 / All) Bish_iM_Ra: nah
(36:37 / All) Bish_iM_Ra: ill stay
(36:43 / All) 149194912491249: you don't wish it then
(37:43 / Allies) Bish_iM_Ra: if yellow would have given me that gold we would have won lmao
(39:42 / All) KillJews!: Want me to leave teal?
(40:23 / All) KillJews!: Ball's in your court teal want me to leave?
(41:51 / Allies) KillJews!: want me to leave?
(44:07 / Allies) KillJews!: Want me to leave, bud?